 Dungeon Crawl Stone Soup version 0.17-a0-1591-g7a45446 (webtiles) character file.

201929 Jb9000 the Covert (level 18, -6/107 HPs)
             Began as a Gargoyle Fighter on July 28, 2015.
             Was an Elder of Qazlal.
             Killed from afar by a Shadow Fiend (20 damage)
             ... with a bolt of negative energy
             ... summoned by a deep elf demonologist
             ... on level 3 of the Elven Halls on July 29, 2015.
             The game lasted 04:19:14 (37182 turns).

Jb9000 the Covert (Gargoyle Fighter)               Turns: 37182, Time: 04:19:14

Health: -6/107     AC: 42    Str: 32      XL:     18   Next: 56%
Magic:  21/32      EV: 13    Int: 20 (21) God:    Qazlal [****..]
Gold:   2694       SH:  5    Dex: 12      Spells: 11 memorised, 1 level left

rFire  x . .     SeeInvis .     R - +1 great sword of Internal Strife {venom, rPois rC+ Str+4 Int+4}
rCold  + + +     Clarity  .     j - +8 ice dragon armour "Ylaeretu" {rF- rC++ Int+4}
rNeg   + . .     SustAt   .     (no shield)
rPois  ∞         Gourm    .     (helmet restricted)
rElec  +         Spirit   .     h - +1 cloak
rCorr  .         Warding  .     q - +2 pair of gloves {Str+3}
rMut   .         Stasis   .     u - +2 pair of boots
MR     ++...                    L - amulet of regeneration
Stlth  ++........               Q - ring of protection from magic
                                A - +6 ring of strength

@: flying, repel missiles, heavily drained, very resistant to hostile
enchantments, unstealthy
A: big wings, horns 1, negative energy resistance 1, electricity resistance,
weak 1, unbreathing, petrification resistance, rot immunity, AC +13
a: Stop Flying, Upheaval, Elemental Force, Renounce Religion
}: 1/15 runes: barnacled


You were on level 3 of the Elven Halls.
You worshipped Qazlal.
Qazlal was greatly pleased with you.
You were not hungry.

You visited 7 branches of the dungeon, and saw 32 of its levels.
You also visited: Bailey and Ice Cave.

You collected 5221 gold pieces.
You spent 1612 gold pieces at shops.

Inventory:

Hand weapons
 a - a +4 shortbow of velocity
 K - the +4 quarterstaff "Lohueh" {speed, *Confuse rPois rF+ rC+}
   (You found it on level 5 of the Dungeon)

   Attacks with this weapon are significantly faster.
   It protects you from fire.
   It protects you from cold.
   It protects you from poison.
   It may confuse you when you take damage.
 R - the +1 great sword of Internal Strife (weapon) {venom, rPois rC+ Str+4 Int+4}
   (You bought it in a shop on level 7 of the Dungeon)

   It poisons the flesh of those it strikes.
   It affects your strength (+4).
   It affects your intelligence (+4).
   It protects you from cold.
   It protects you from poison.
Missiles
 C - 3 throwing nets (quivered)
 I - 18 arrows of flame
Armour
 h - a +1 cloak (worn)
 j - the +8 ice dragon armour "Ylaeretu" (worn) {rF- rC++ Int+4}
   (You took it off an orc in a bailey)

   It affects your intelligence (+4).
   It makes you vulnerable to fire.
   It greatly protects you from cold.
 p - a +0 crystal plate armour
 q - a +2 pair of gloves of strength (worn)
 u - a +2 pair of boots (worn)
Rods
 N - a +0 iron rod (10/12)
   (You found it on level 12 of the Dungeon)
 V - a +0 rod of destruction (8/12)
   (You found it on level 8 of the Dungeon)
Jewellery
 l - a +1 ring of protection
 t - an uncursed ring of invisibility
 x - a +3 ring of strength
 A - a +6 ring of strength (left hand)
 D - an uncursed amulet of clarity
 L - an amulet of regeneration (around neck)
 Q - a ring of protection from magic (right hand)
 Y - a +5 ring of intelligence
 Z - an uncursed amulet of resist corrosion
Magical devices
 f - a wand of flame (13)
 m - a wand of draining (4)
 B - a wand of cold (7)
 G - a wand of frost (22)
Scrolls
 k - 6 scrolls of identify
 o - 5 scrolls of remove curse
 M - 4 scrolls of teleportation
 O - a scroll of fear
Potions
 b - a potion of invisibility
 d - 3 potions of might
 E - 8 potions of brilliance
 X - 3 potions of magic
Books
 c - a Necronomicon

   Spells                             Type                      Level
   a - Haunt                          Necromancy/Summoning         7
   b - Borgnjor's Revivification      Necromancy                   8
   c - Death's Door                   Charms/Necromancy            8
   d - Necromutation                  Transmutation/Necromancy     8
 g - a book of Death

   Spells                             Type                      Level
   a - Corpse Rot                     Necromancy                   2
   b - Sublimation of Blood           Necromancy                   2
   c - Agony                          Necromancy                   5
   d - Dispel Undead                  Necromancy                   5
   e - Excruciating Wounds            Charms/Necromancy            5
   f - Bolt of Draining               Conjuration/Necromancy       5
 s - the Disquisition on Augmentations
   (You found it on level 2 of the Shoals)

   Spells                             Type                      Level
   a - Song of Slaying                Charms                       2
   b - Shroud of Golubria             Charms/Translocation         2
   c - Spectral Weapon                Hexes/Charms                 3
   d - Haste                          Charms                       6
 w - a book of the Warp

   Spells                             Type                      Level
   a - Recall                         Summoning/Translocation      3
   b - Gell's Gravitas                Hexes/Translocation          3
   c - Force Lance                    Conjuration/Translocation    4
   d - Phase Shift                    Translocation                5
   e - Warp Weapon                    Charms/Translocation         5
   f - Summon Forest                  Summoning/Translocation      5
 z - the Handbook of Bewitchment and the Compass
   (You bought it in a shop on level 14 of the Dungeon)

   Spells                             Type                      Level
   a - Apportation                    Translocation                1
   b - Slow                           Hexes                        2
   c - Confuse                        Hexes                        3
   d - Portal Projectile              Translocation                3
   e - Fulminant Prism                Conjuration/Hexes            4
   f - Passage of Golubria            Translocation                4
 P - a Fen Folio

   Spells                             Type                      Level
   a - Corpse Rot                     Necromancy                   2
   b - Stone Arrow                    Conjuration/Earth            3
   c - Leda's Liquefaction            Hexes/Earth                  4
   d - Summon Forest                  Summoning/Translocation      5
   e - Hydra Form                     Transmutation                6
   f - Summon Hydra                   Summoning                    7
 S - a book of Flames

   Spells                             Type                      Level
   a - Flame Tongue                   Conjuration/Fire             1
   b - Throw Flame                    Conjuration/Fire             2
   c - Conjure Flame                  Conjuration/Fire             3
   d - Inner Flame                    Hexes/Fire                   3
   e - Sticky Flame                   Conjuration/Fire             4
   f - Fireball                       Conjuration/Fire             5
 T - Roxanne's Disquisition on Shape Shifting
   (You took it off Roxanne on level 4 of the Shoals)

   Spells                             Type                      Level
   a - Beastly Appendage              Transmutation                1
   b - Sticks to Snakes               Transmutation                2
   c - Irradiate                      Conjuration/Transmutation    5
   d - Blade Hands                    Transmutation                5
   e - Statue Form                    Transmutation/Earth          6
 U - an Akashic Record

   Spells                             Type                      Level
   a - Dispersal                      Translocation                6
   b - Controlled Blink               Translocation                7
   c - Malign Gateway                 Summoning/Translocation      7
   d - Disjunction                    Translocation                8
 W - a book of Dreams

   Spells                             Type                      Level
   a - Ensorcelled Hibernation        Hexes/Ice                    2
   b - Phase Shift                    Translocation                5
   c - Shadow Creatures               Summoning                    5
   d - Silence                        Hexes/Air                    5
   e - Darkness                       Hexes                        6
   f - Mass Confusion                 Hexes                        6
Miscellaneous
 v - a phial of floods (inert)
 y - a plain deck of wonders {drawn: 12}
 F - a fan of gales (inert)
 J - a plain deck of wonders {drawn: 3}
Comestibles
 e - 7 bread rations


   Skills:
 + Level 10.1(8.5) Fighting
   Level 1.0(5.2) Short Blades
 * Level 10.5(8.9) Long Blades
   Level 1.5(1.0) Axes
 - Level 2.6(1.9) Maces & Flails
 - Level 1.8(1.2) Staves
 + Level 9.9(8.3) Bows
 - Level 2.7(1.4) Throwing
 + Level 9.7(8.1) Armour
 + Level 7.5(6.0) Dodging
 - Level 11.5(9.9) Stealth
   Level 5.7(4.3) Shields
 * Level 10.3(8.7) Spellcasting
 + Level 9.5(7.9) Conjurations
 + Level 7.1(5.6) Hexes
 + Level 5.1(3.7) Charms
 + Level 5.0(3.6) Necromancy
 + Level 7.9(6.4) Translocations
 + Level 7.0(5.5) Earth Magic
 + Level 9.5(7.9) Invocations
 + Level 7.1(5.6) Evocations


You had one spell level left.
You knew the following spells:

 Your Spells              Type           Power        Failure   Level  Hunger
a - Fulminant Prism       Conj/Hex       #####.....   12%         4    ###....
b - Force Lance           Conj/Tloc      #####...     12%         4    ###....
c - Phase Shift           Tloc           ####......   34%         5    #####..
d - Corpse Rot            Necr           N/A          8%          2    None
e - Stone Arrow           Conj/Erth      #####.       3%          3    None
f - Slow                  Hex            ####....     2%          2    None
g - Confuse               Hex            ####....     6%          3    None
h - Portal Projectile     Tloc           ####..       3%          3    None
i - Song of Slaying       Chrm           ###.....     8%          2    None
j - Bolt of Draining      Conj/Necr      ####......   52%         5    #####..
k - Conjure Flame         Conj/Fire      ###.....     12%         3    None


Dungeon Overview and Level Annotations

Branches:
Dungeon (15/15)            Temple (1/1) D:6            Lair (4/8) D:9
 Shoals (4/4) Lair:4          Orc (4/4) D:12            Elf (3/3) Orc:4
 Vaults (0/5) D:14         Depths (1/5) D:15
  Snake: Lair:3-6    Spider: Lair:3-6

Altars:
Ashenzari
Cheibriados
Dithmenos
Elyvilon
Fedhas
Gozag
Kikubaaqudgha
Makhleb
Nemelex Xobeh
Okawaru
Qazlal
Ru
Sif Muna
Trog
Vehumet
Xom
Yredelemnul
Zin
The Shining One
Beogh

Shops:
D:7 (   D:12 =   D:14 *   Orc:1 }   Orc:4 (([(


Innate Abilities, Weirdness & Mutations

You are resistant to torment.
Your stone body is resilient (AC +13).
You are immune to poison.
Your large and strong wings let you fly indefinitely.
You resist negative energy.
You are resistant to electric shocks.
You are weak. (Str -2)
You can survive without breathing.
You are immune to petrification.
You are immune to rotting.
You have a pair of small horns on your head.


Message History

Deactivating autopickup; reactivate with Ctrl-A.
The deep elf annihilator barely misses you.
The Executioner gestures at you. Pain shoots through your body!
* * * LOW HITPOINT WARNING * * *
The Executioner hits you.
* * * LOW HITPOINT WARNING * * *
You block the Executioner's attack. The Executioner misses you.
The deep elf annihilator mumbles some strange words.
The deep elf annihilator blinks!
The Executioner hits you but does no damage. x2
The Executioner completely misses you. The Executioner gestures at you.
Pain shoots through your body!
* * * LOW HITPOINT WARNING * * *
The Shadow Fiend gestures at you.
The bolt of negative energy hits the Executioner.
The Executioner completely resists.
The bolt of negative energy hits you! You partially resist.
You feel drained.
You die...

.##### #≈)# #.. .....#### ###
#..# ###.. .######.# #.# #./#
#..... .# ###'#####.# #.## #.....
.# ##.......#.# #)#### #.....
)###........#.# #).§.## #####+
...'........#.###e.1.e##########.
.###........#...#1§....'.........
.# #........'...@.§...####.# #...
.# ##.......###.#.§..## #.# #.##
.# #........# #.###'## #.# #.#
.###........# #.# #.# ##.###.##
.).'........###.###.#####........
####........'.............#######
##......################ ##....##
######


You could see a Shadow Fiend, a deep elf annihilator, an Executioner and a deep
elf demonologist.

Vanquished Creatures
  Norris (Elf:2)
  A deep elf blademaster (Elf:3)
  2 krakens
  Polyphemus (Shoals:2)
  Roxanne (Shoals:4)
  Ilsuiw (Shoals:4)
  Wiglaf (D:15)
  A deep elf sorcerer (Elf:3)
  Maud (Lair:4)
  Aizul (Elf:2)
  An orc warlord (Orc:4)
  5 deep elf demonologists
  Azrael (D:15)
  2 deep elf annihilators (Elf:3)
  4 deep elf death magi
  5 merfolk javelineers (Shoals:4)
  6 merfolk impalers
  A deep elf high priest (Elf:1)
  A fire dragon (D:14)
  4 vault guards (D:14)
  Fannar (D:12)
  3 ogre magi (Orc:4)
  3 hydras
  Erolcha (Orc:3)
  3 centaur warriors
  4 merfolk aquamancers
  5 merfolk avatars
  2 satyrs (Shoals:4)
  A catoblepas (Shoals:2)
  12 dancing weapons (Elf:2)
  A tengu warrior (D:14)
  3 death yaks
  A small abomination (Elf:1)
  Urug (Orc:3)
  An orc high priest (Elf:3)
  A vampire mage (D:15)
  Nergalle (Orc:2)
  21 deep elf knights
  A skeletal warrior (D:15)
  17 sea snakes
  2 unseen horrors
  4 orc knights
  A large abomination (Elf:1)
  An ice statue (IceCv)
  5 deep elf summoners
  A wizard (D:14)
  7 harpies
  A golden dragon skeleton (D:15)
  The ghost of Eleanoora the Basher, an experienced VSMo of the Shining One (D:8)
  4 hill giants
  2 frost giant zombies (D:15)
  2 griffons (Shoals:4)
  12 deep elf conjurers
  7 manticores
  A wolf spider (D:15)
  7 fauns
  A necromancer (D:15)
  2 orc sorcerers
  7 cyclopes
  5 water nymphs
  7 sirens
  An elf zombie (D:15)
  Joseph (D:7)
  A black mamba (Lair:3)
  A kobold demonologist (D:15)
  A gargoyle (D:13)
  A guardian mummy (D:15)
  7 spiny frogs
  2 komodo dragons
  A komodo dragon (shapeshifter) (Elf:1)
  13 deep elf priests
  15 polar bears
  9 trolls
  Prince Ribbit (Lair:1)
  9 snapping turtles
  4 wind drakes
  27 merfolk
  6 slime creatures (D:15)
  12 two-headed ogres
  6 blink frogs
  Sigmund (D:5)
  A wyvern (D:11)
  3 vampires (D:14)
  4 wraiths
  3 shadows
  61 yaks
  21 deep elf magi
  2 steam dragons
  11 water elementals
  2 basilisks
  10 hippogriffs
  23 wolves
  22 deep elf fighters
  A fire elemental (D:15)
  3 hungry ghosts
  3 wargs
  6 water moccasins
  3 soldier ants
  5 hell hounds (D:15)
  4 mottled dragons
  7 porcupines
  6 sky beasts
  2 eyes of draining (D:13)
  An ice beast (D:10)
  2 wasps
  2 black bears
  2 phantoms
  2 spiders (D:13)
  34 ogres
  23 orc warriors
  7 centaurs
  4 necrophages
  7 crocodiles
  A centaur (shapeshifter) (Elf:3)
  16 big kobolds
  A gnoll sergeant (D:9)
  17 giant frogs
  A wyvern zombie (D:14)
  8 scorpions
  9 killer bees
  11 wights
  4 electric eels
  3 crimson imps
  5 centaur zombies
  6 jellies
  A giant frog zombie (D:12)
  A centaur skeleton (D:4)
  12 hounds
  18 orc priests
  12 orc wizards
  7 giant frog skeletons
  11 iguanas
  10 worker ants
  9 sheep
  38 river rats
  7 adders
  13 gnolls
  4 shadow imps
  2 oozes
  6 worms
  6 giant geckos
  136 orcs
  12 bats
  A bat skeleton (D:4)
  5 giant cockroaches
  18 goblins
  15 hobgoblins
  12 jackals
  52 kobolds
  A giant cockroach zombie (D:5)
  A giant gecko zombie (D:6)
  5 giant newts
  7 quokkas
  2 quokka skeletons
  18 rats
  3 crawling corpses
  12 fungi
  35 plants
  5 tentacles
1189 creatures vanquished.

Vanquished Creatures (collateral kills)
  A frost giant (IceCv)
  A merfolk javelineer (Shoals:4)
  An ogre mage (Orc:4)
  3 dancing weapons (Elf:2)
  A manticore (Shoals:4)
  A siren (Shoals:4)
  2 two-headed ogres (Orc:4)
  3 merfolk
  A warg (Orc:4)
  3 ogres (Orc:4)
17 creatures vanquished.

Vanquished Creatures (others)
  A merfolk aquamancer (Shoals:4)
  A deep elf knight (Elf:2)
  A merfolk (Elf:2)
  2 tengu conjurers (Depths:1)
  An efreet (D:15)
  A yak (IceCv)
  8 wolves (IceCv)
  A deep elf fighter (Elf:2)
  A sky beast (shapeshifter) (D:15)
  A big kobold (Shoals:4)
  A crawling corpse (Elf:2)
  13 fulminant prisms
  6 fungi
  11 plants
  54 tentacles
  872 tentacle segments
975 creatures vanquished.

Grand Total: 2181 creatures vanquished

Notes
Turn   | Place    | Note
--------------------------------------------------------------
     0 | D:1      | Jb9000 the Gargoyle Fighter began the quest for the Orb.
     0 | D:1      | Reached XP level 1. HP: 14/14 MP: 1/1
   117 | D:1      | Reached XP level 2. HP: 19/19 MP: 2/2
   140 | D:1      | Found a shattered altar of Ashenzari.
   749 | D:2      | Reached XP level 3. HP: 16/23 MP: 2/4
  1058 | D:2      | Reached skill level 1 in Stealth
  1404 | D:2      | Reached skill level 1 in Spellcasting
  1499 | D:2      | Reached XP level 4. HP: 28/28 MP: 5/5
  2012 | D:3      | Found a bloodstained altar of Trog.
  2069 | D:3      | Reached skill level 1 in Dodging
  2096 | D:3      | Reached XP level 5. HP: 13/33 MP: 6/6
  2320 | D:3      | Reached skill level 4 in Fighting
  2712 | D:3      | Learned a level 3 spell: Gell's Gravitas
  3048 | D:4      | Found a sacrificial altar of Ru.
  3092 | D:4      | Became a worshipper of Ru the Awakened
  3174 | D:4      | Reached XP level 6. HP: 23/38 MP: 8/8
  3755 | D:4      | Noticed a sky beast
  3778 | D:4      | Killed a sky beast
  3778 | D:4      | Reached skill level 1 in Axes
  3778 | D:4      | Reached skill level 1 in Translocations
  3778 | D:4      | Reached XP level 7. HP: 35/43 MP: 8/10
  4023 | D:4      | Reached skill level 1 in Hexes
  4230 | D:5      | Entered Level 5 of the Dungeon
  4259 | D:5      | Reached skill level 1 in Evocations
  4322 | D:5      | Got a shimmering quarterstaff
  4329 | D:5      | Identified the +4 quarterstaff "Lohueh" {speed, *Confuse rPois rF+ rC+} (You found it on level 5 of the Dungeon)
  4443 | D:5      | Gained mutation: You are weak. (Str -2) [Ru sacrifice]
  4502 | D:5      | Noticed Sigmund
  4527 | D:5      | Killed Sigmund
  4527 | D:5      | Reached skill level 1 in Throwing
  4744 | D:5      | Reached XP level 8. HP: 42/48 MP: 11/11
  4975 | D:5      | Got a scorched leather armour
  4987 | D:5      | Identified the +1 leather armour of the Hills {+Fly rN+ Str-5} (You found it on level 5 of the Dungeon)
  5659 | D:6      | Reached skill level 1 in Staves
  5874 | D:6      | Reached skill level 5 in Fighting
  6121 | D:6      | Found a staircase to the Ecumenical Temple.
  6137 | Temple   | Entered the Ecumenical Temple
  6194 | Temple   | Fell from the grace of Ru
  6194 | Temple   | Became a worshipper of Qazlal Stormbringer
  6824 | D:7      | Found Iserottitu's Antique Weapon Boutique.
  6838 | D:7      | Bought a twisted great sword for 310 gold pieces
  6839 | D:7      | Identified the cursed +1 great sword of Internal Strife {venom, rPois rC+ Str+4 Int+4} (You bought it in a shop on level 7 of the Dungeon)
  6913 | D:7      | Reached XP level 9. HP: 35/54 MP: 13/13
  7028 | D:7      | Learned a level 4 spell: Force Lance
  7031 | D:7      | Found a sparkling altar of Nemelex Xobeh.
  7035 | D:7      | Reached skill level 1 in Long Blades
  7061 | D:7      | Found a deep blue altar of Sif Muna.
  7119 | D:7      | Reached skill level 5 in Shields
  7147 | D:7      | Noticed Joseph
  7158 | D:7      | Killed Joseph
  7158 | D:7      | Reached skill level 5 in Armour
  7158 | D:7      | Reached skill level 5 in Stealth
  7158 | D:7      | Reached skill level 1 in Conjurations
  7287 | D:7      | Acquired Qazlal's first power
  7801 | D:8      | Identified a +0 rod of destruction (12/12) (You found it on level 8 of the Dungeon)
  7835 | D:8      | Gained mutation: You can translocate small distances at will. [mutagenic meat]
  8135 | D:8      | Noticed Eleanoora's ghost (experienced VSMo)
  8310 | D:9      | Found a flagged portal.
  8331 | Bailey   | Entered a bailey
  8406 | Bailey   | Reached skill level 1 in Invocations
  8572 | Bailey   | Reached skill level 6 in Stealth
  8725 | Bailey   | Noticed an orc knight
  8727 | Bailey   | Acquired Qazlal's second power
  8727 | Bailey   | Reached XP level 10. HP: 56/60 MP: 15/15
  8913 | Bailey   | Got an ichor-stained ice dragon armour
  8927 | Bailey   | Identified the +8 ice dragon armour "Ylaeretu" {rF- rC++ Int+4} (You took it off an orc in a bailey)
  8963 | Bailey   | Killed an orc knight
  8963 | Bailey   | Reached skill level 1 in Bows
  9589 | D:9      | Got a transparent robe
  9598 | D:9      | Identified the +3 robe of Beogh's Benevolence {+Fly Regen+ MP-9 Str+4} (You found it on level 9 of the Dungeon)
  9630 | D:9      | Found a staircase to the Lair.
  9913 | D:9      | Reached skill level 5 in Long Blades
  9913 | D:9      | Reached skill level 5 in Bows
  9913 | D:9      | Reached skill level 8 in Stealth
  9913 | D:9      | Reached XP level 11. HP: 64/64 MP: 17/17
 10276 | D:9      | Reached skill level 9 in Stealth
 10409 | D:9      | Learned a level 5 spell: Phase Shift
 10953 | D:10     | Entered Level 10 of the Dungeon
 11481 | D:10     | Reached XP level 12. HP: 71/71 MP: 18/18
 11513 | D:10     | Acquired Qazlal's third power
 11948 | D:11     | Lost mutation: You can translocate small distances at will. [potion of cure mutation]
 12030 | D:11     | Reached skill level 5 in Invocations
 12618 | D:11     | Acquired Qazlal's fourth power
 12819 | D:12     | Reached skill level 5 in Conjurations
 13058 | D:12     | Found a frozen archway.
 13064 | IceCv    | Entered an ice cave
 13071 | IceCv    | Reached skill level 5 in Dodging
 13082 | IceCv    | Acquired Qazlal's fifth power
 13389 | IceCv    | Got a shimmering short sword
 13390 | IceCv    | Identified the +1 short sword "Belielea" {flame, -Tele rPois rC++} (You found it in an ice cave)
 13420 | IceCv    | Reached skill level 5 in Spellcasting
 13640 | IceCv    | Reached skill level 10 in Stealth
 13664 | IceCv    | Reached skill level 1 in Short Blades
 13801 | IceCv    | Reached XP level 13. HP: 70/76 MP: 20/20
 13803 | IceCv    | Noticed a death yak
 13821 | IceCv    | Killed a death yak
 14136 | IceCv    | Noticed a frost giant
 14143 | IceCv    | Killed a frost giant
 14292 | D:12     | Found a roughly hewn altar of Beogh.
 14292 | D:12     | Found a staircase to the Orcish Mines.
 14386 | D:12     | Found Anlunoif's Jewellery Emporium.
 14405 | D:12     | Bought an uncursed amulet of regeneration for 360 gold pieces
 14716 | D:12     | Noticed Fannar
 14732 | D:12     | Killed Fannar
 15486 | D:13     | Gained mutation: You are frail (-10% HP). [potion of mutation]
 15486 | D:13     | Gained mutation: You have a pair of small horns on your head. [potion of mutation]
 15487 | D:13     | Lost mutation: You have a pair of small horns on your head. [potion of cure mutation]
 15487 | D:13     | Lost mutation: You are frail (-10% HP). [potion of cure mutation]
 16227 | D:13     | Learned a level 2 spell: Corpse Rot
 16423 | D:14     | Reached skill level 5 in Translocations
 16439 | D:14     | Learned a level 3 spell: Stone Arrow
 16517 | D:14     | Noticed a vault guard
 16524 | D:14     | Noticed a vault guard
 16530 | D:14     | Killed a vault guard
 16534 | D:14     | Killed a vault guard
 16558 | D:14     | Noticed a vault guard
 16575 | D:14     | Killed a vault guard
 16575 | D:14     | Gained mutation: Your large and strong wings let you fly indefinitely. [Gargoyle growth]
 16575 | D:14     | Reached XP level 14. HP: 73/83 MP: 8/22
 16736 | D:14     | Reached skill level 1 in Necromancy
 16796 | D:14     | Reached skill level 11 in Stealth
 17017 | D:14     | Noticed a vault guard
 17032 | D:14     | Killed a vault guard
 17111 | D:14     | Found a gate to the Vaults.
 17231 | D:14     | Found Pezadaff's Assorted Antiques.
 17239 | D:14     | Bought a droning book for 570 gold pieces
 17246 | D:14     | Identified the Handbook of Bewitchment and the Compass (You bought it in a shop on level 14 of the Dungeon)
 17251 | D:14     | Learned a level 2 spell: Slow
 17255 | D:14     | Learned a level 3 spell: Confuse
 17722 | D:15     | Entered Level 15 of the Dungeon
 17776 | D:15     | Reached skill level 5 in Hexes
 17822 | D:15     | Noticed Azrael
 17841 | D:15     | Killed Azrael
 17855 | D:15     | Reached skill level 5 in Evocations
 17993 | D:15     | Found a staircase to the Depths.
 18096 | D:15     | Reached skill level 1 in Earth Magic
 19542 | Depths:1 | Entered Level 1 of the Depths
 19542 | Depths:1 | Found a sparkling altar of Nemelex Xobeh.
 19542 | Depths:1 | Noticed Wiglaf
 19555 | D:15     | Killed Wiglaf
 19724 | D:14     | Bought a scroll of identify for 76 gold pieces
 20062 | D:8      | Killed Eleanoora's ghost
 20337 | Lair:1   | Entered Level 1 of the Lair of Beasts
 20462 | Lair:1   | Noticed Prince Ribbit
 20477 | Lair:1   | Killed Prince Ribbit
 20490 | Lair:1   | Reached XP level 15. HP: 88/88 MP: 24/24
 20969 | Lair:1   | Got a slimy dagger
 20970 | Lair:1   | Identified the +9 dagger of Tortfeasance {pain, rPois Dex+3} (You found it on level 1 of the Lair of Beasts)
 21984 | Lair:2   | Learned a level 4 spell: Fulminant Prism
 22608 | Lair:3   | Got an encrusted ring mail
 22619 | Lair:3   | Identified the +5 ring mail of Space {*Corrode Str+2 Stlth+} (You found it on level 3 of the Lair of Beasts)
 22818 | Lair:3   | Got a faintly glowing ring mail
 22829 | Lair:3   | Identified the cursed +0 ring mail of Wibeong {rF- Int+2 Dex+3} (You found it on level 3 of the Lair of Beasts)
 23111 | Lair:4   | Noticed Maud
 23126 | Lair:4   | Killed Maud
 23994 | Lair:4   | Found a staircase to the Shoals.
 24006 | Shoals:1 | Entered Level 1 of the Shoals
 24889 | Shoals:1 | Learned a level 3 spell: Portal Projectile
 25270 | Shoals:2 | Identified the Disquisition on Augmentations (You found it on level 2 of the Shoals)
 25274 | Shoals:2 | Learned a level 2 spell: Song of Slaying
 25328 | Shoals:2 | Noticed Polyphemus
 25375 | Shoals:2 | Killed Polyphemus
 25480 | Shoals:2 | Reached skill level 1 in Charms
 25503 | Shoals:2 | Noticed a kraken
 25536 | Shoals:2 | Killed a kraken
 26035 | Shoals:2 | Reached XP level 16. HP: 94/94 MP: 24/28
 26285 | Shoals:3 | HP: 3/94 [merfolk/trident (3)]
 26910 | Shoals:3 | Noticed a kraken
 26958 | Shoals:3 | Killed a kraken
 27112 | Shoals:4 | Entered Level 4 of the Shoals
 27211 | Shoals:4 | Noticed Ilsuiw
 27324 | Shoals:4 | Identified a scroll of acquirement
 27331 | Shoals:4 | Noticed Roxanne
 27367 | Shoals:4 | Hired Ocrir the big kobold for 78 gold.
 27368 | Shoals:4 | HP: 4/96 [merfolk impaler/demon trident of freezing (6)]
 27371 | Shoals:4 | Hired Cisyim the merfolk for 316 gold.
 27385 | Shoals:4 | Hired Umuut the big kobold for 97 gold.
 27386 | Shoals:4 | Gained mutation: You are frail (-10% HP). [helix card]
 27386 | Shoals:4 | Your ally Ocrir died
 27465 | Shoals:4 | Your ally Cisyim died
 27474 | Shoals:4 | Your ally Umuut died
 27658 | Shoals:4 | Killed Ilsuiw
 27658 | Shoals:4 | Reached skill level 5 in Earth Magic
 27773 | Shoals:4 | Got a barnacled rune of Zot
 28185 | Shoals:4 | Learned a level 5 spell: Bolt of Draining
 28503 | Shoals:4 | Reached XP level 17. HP: 87/90 MP: 30/30
 28897 | Shoals:4 | Killed Roxanne
 28899 | Shoals:4 | Identified Roxanne's Disquisition on Shape Shifting (You took it off Roxanne on level 4 of the Shoals)
 28931 | Shoals:4 | Upgraded the game from 0.17-a0-1583-g2df49ec to 0.17-a0-1591-g7a45446
 29365 | Orc:1    | Entered Level 1 of the Orcish Mines
 29377 | Orc:1    | Found a roughly hewn altar of Beogh.
 29401 | Orc:1    | Found Wuubeol's Quality Used Wands.
 29585 | Orc:2    | Noticed Nergalle
 29596 | Orc:2    | Killed Nergalle
 29749 | Orc:3    | Found a roughly hewn altar of Beogh.
 29848 | Orc:3    | Noticed Erolcha
 29857 | Orc:3    | Killed Erolcha
 29862 | Orc:3    | Noticed Urug
 29878 | Orc:3    | Killed Urug
 29929 | Orc:3    | Found a roughly hewn altar of Beogh.
 30306 | Orc:4    | Entered Level 4 of the Orcish Mines
 30850 | Orc:4    | Found a staircase to the Elven Halls.
 30991 | Orc:4    | Found Vosuotz's Antique Weapon Shop.
 30991 | Orc:4    | Found Jyriloec's Antique Weapon Shoppe.
 30992 | Orc:4    | Found Egorch's Weapon Emporium.
 30992 | Orc:4    | Found Zyibauce's Antique Armour Shop.
 31003 | Orc:4    | Bought an encrusted shortbow for 296 gold pieces
 31007 | Orc:4    | Identified the cursed +2 shortbow "Tissu" {flame, rC+ rN+} (You bought it in a shop on level 4 of the Orcish Mines)
 31243 | Elf:1    | Entered Level 1 of the Elven Halls
 32505 | Shoals:1 | Lost mutation: You are frail (-10% HP). [potion of cure mutation]
 33193 | Elf:1    | Reached skill level 10 in Long Blades
 33658 | Elf:2    | Found a runed gate.
 33659 | Elf:2    | Found a runed gate.
 33663 | Elf:2    | Found a runed gate.
 33728 | Elf:2    | Noticed Norris
 33746 | Elf:2    | Paralysed by something for 7 turns
 33771 | Elf:2    | Killed Norris
 34257 | Elf:2    | Reached XP level 18. HP: 104/107 MP: 31/31
 34292 | Elf:2    | Got a dazzling hand axe
 34293 | Elf:2    | Identified the +3 hand axe "Hastaer" {drain, +Rage rF+} (You took it off a deep elf mage on level 2 of the Elven Halls)
 34904 | Elf:2    | Noticed Aizul
 34912 | Elf:2    | Reached skill level 10 in Spellcasting
 34946 | Elf:2    | Killed Aizul
 34952 | Elf:2    | Gained mutation: You occasionally shout uncontrollably at your foes. [helix card]
 34956 | Elf:2    | Lost mutation: You occasionally shout uncontrollably at your foes. [helix card]
 34956 | Elf:2    | Gained mutation: You have a pair of small horns on your head. [helix card]
 34957 | Elf:2    | Hired Zidathro the merfolk for 315 gold.
 34974 | Elf:2    | Your ally Zidathro died
 35558 | Elf:3    | Entered Level 3 of the Elven Halls
 35579 | Elf:3    | Reached skill level 10 in Fighting
 35607 | Elf:3    | Reached skill level 5 in Charms
 35618 | Elf:3    | Learned a level 3 spell: Conjure Flame
 36854 | Elf:3    | Reached skill level 5 in Necromancy
 37182 | Elf:3    | Killed from afar by a Shadow Fiend

Vault maps used:
D:1:      dpeg_arrival_prison, minivault_5, nicolae_ashenzari_panopticon
D:3:      first_bread, minmay_gold_behind_fungi, minivault_25,
          trog_butcher_becter
D:4:      serial_glass, glass_columns_b, glass_columns_b,
          nicolae_ru_awakened_eye
D:5:      uniq_sigmund
D:6:      minmay_temple_entry_statues_pillars
D:7:      led_sif_book, basic_altar, serial_shops,
          nicolae_shop_overgrown_old_shop, uniq_joseph
D:9:      dpeg_oklobed_lair, enter_bailey_2
D:12:     david_orc_5, portal_ice_cave_entry_pillars_01, special_room,
          serial_shops, shop, uniq_fannar
D:13:     hangedman_pestilent_swarm, kennysheep_small_circle
D:14:     lightli_vaults_fourway_checkpoint, serial_shops, kennysheep_mini_moat,
          minivault_25_ag
D:15:     gammafunk_depths_entry_grave, serial_park_tiny_pond, uniq_azrael
Temple:   grunt_circular_temple_18
Lair:1:   uniq_prince_ribbit2
Lair:2:   beast_lair_carwin_large_3
Lair:4:   minmay_shoals_entry_hut, uniq_maud
Shoals:2: uniq_polyphemus
Shoals:4: shoals_end_hangedman, shoal_ilsuiw, nicolae_shoals_wave_tunnel,
          uniq_ilsuiw, uniq_roxanne
Orc:1:    basic_altar, nicolae_for_you_no_charge
Orc:2:    basic_altar, uniq_nergalle
Orc:3:    basic_altar, nicolae_orc_pool_cavern, nicolae_orc_lost_temple,
          uniq_erolcha, uniq_urug
Orc:4:    st_orc_ogre_mass
Elf:1:    eino_elf_arrival_the_gate, orc_legates, nicolae_elf_big_sculpture_1
Elf:2:    hex_intersection, uniq_norris, uniq_aizul
Elf:3:    elf_hall_gauntlet_wide, grunt_megastairs_4
Depths:1: pf_hell_entry_great_geh, nicolae_trove_entry_crossroad, minmay_holes,
          hangedman_abyss_entry_splay, rand_demon_pan_entry_3, nemelex_deck,
          uniq_jorgrun, uniq_wiglaf
Bailey:   bailey_polearm_1, bailey
IceCv:    ice_cave_caverns_02

Action                   |  1- 3 |  4- 6 |  7- 9 | 10-12 | 13-15 | 16-18 || total
-------------------------+-------+-------+-------+-------+-------+-------++-------
Melee: Flail             |   151 |   145 |       |       |       |       ||   296
       Hand axe          |       |   111 |    25 |       |       |       ||   136
       Quarterstaff      |       |       |   170 |       |    28 |       ||   198
       Great sword       |       |       |   136 |   536 |  1161 |  1267 ||  3100
       Short sword       |       |       |       |    13 |       |       ||    13
 Fire: Shortbow          |       |       |    91 |   186 |   117 |   156 ||   550
Throw: Javelin           |       |       |    29 |     6 |    48 |       ||    83
       Tomahawk          |       |       |    28 |       |   123 |       ||   151
       Throwing net      |       |       |       |     1 |       |       ||     1
 Cast: Gell's Gravitas   |       |       |     1 |     3 |       |       ||     4
       Stone Arrow       |       |       |       |       |    39 |     4 ||    43
       Force Lance       |       |       |       |       |     3 |       ||     3
       Corpse Rot        |       |       |       |       |     2 |       ||     2
       Slow              |       |       |       |       |     1 |       ||     1
       Fulminant Prism   |       |       |       |       |     7 |     6 ||    13
       Portal Projectile |       |       |       |       |     1 |       ||     1
Invok: Sacrifice Purity  |       |       |     1 |       |       |       ||     1
       Upheaval          |       |       |       |     1 |    10 |    14 ||    25
       Elemental Force   |       |       |       |       |     3 |     2 ||     5
       Disaster Area     |       |       |       |       |     2 |     6 ||     8
 Abil: Blink             |       |       |       |     5 |       |       ||     5
       Fly               |       |       |       |       |     1 |       ||     1
       Evoke Invisibilit |       |       |       |       |       |     1 ||     1
Evoke: Wand              |       |       |       |       |     8 |    14 ||    22
       Phantom mirror    |       |       |       |       |     1 |       ||     1
       Deck              |       |       |       |       |       |    15 ||    15
       Fan of gales      |       |       |       |       |       |     4 ||     4
       Rod               |       |       |       |       |       |    14 ||    14
       Phial of floods   |       |       |       |       |       |     2 ||     2
  Use: Scroll            |       |     6 |    12 |     9 |    23 |    19 ||    69
       Potion            |       |     1 |     1 |    12 |    12 |    17 ||    43
 Stab: Sleeping          |       |     1 |     3 |       |       |       ||     4
       Petrifying        |       |       |       |       |     1 |       ||     1
       Invisible         |       |       |       |       |       |     3 ||     3
       Distracted        |       |       |       |       |       |     1 ||     1
  Eat: Chunk             |     2 |     8 |     6 |     6 |     1 |       ||    23
       Pizza             |       |       |     2 |     2 |     1 |     1 ||     6
       Beef jerky        |       |       |     1 |     4 |       |     1 ||     6
       Meat ration       |       |       |     2 |     1 |     5 |       ||     8
       Royal jelly       |       |       |       |       |     3 |       ||     3
       Bread ration      |       |       |       |       |     2 |    12 ||    14
       Fruit             |       |       |       |       |     5 |       ||     5
